 Dungeon Sprint DCSS version 0.21.2 (webtiles) character file.

891 Fang the Fighter (level 8, 0/59 HPs)
             Began as a Gargoyle Berserker on Sept 27, 2018.
             Was a High Priest of Trog.
             Slain by a hound (2 damage)
             ... in the Dungeon (Sprint IX: "|||||||||||||||||||||||||||||").
             The game lasted 00:00:56 (669 turns).

Fang the Fighter (Gargoyle Berserker)                Turns: 669, Time: 00:00:57

Health: 0/59       AC: 18    Str: 24    XL:     8   Next: 6%
Magic:  8/8        EV: 10    Int: 10    God:    Trog [*****.]
Gold:   0          SH:  0    Dex:  9    Spells: 7/7 levels left

rFire    . . .     SeeInvis .   m - +3 war axe (chop)
rCold    . . .     Gourm    .   (no shield)
rNeg     + . .     Faith    .   p - +1 chain mail
rPois    ∞         Spirit   .   (no helmet)
rElec    +         Reflect  .   (no cloak)
rCorr    .         Harm     .   (no gloves)
MR       .....     NoTele   +   (no boots)
Stlth    ..........             (no amulet)
HPRegen  0.19/turn              n - +3 ring of intelligence
MPRegen  0.11/turn              o - +2 ring of protection

@: berserk cooldown, slowed, very slow
A: negative energy resistance 1, electricity resistance, unbreathing,
petrification resistance, rot immunity, AC +5
a: Berserk, Trog's Hand, Brothers in Arms, Burn Spellbooks, Renounce Religion


You were in the Dungeon.
You worshipped Trog.
Trog was extremely pleased with you.
You were not hungry.

You visited 1 branch

Inventory:

Hand Weapons
 a - a +0 hand axe
 m - a +3 war axe of chopping (weapon)
Armour
 p - a +1 chain mail (worn)
Jewellery
 n - a +3 ring of intelligence (left hand)
 o - a +2 ring of protection (right hand)
Wands
 l - a wand of acid (10)
Scrolls
 i - 2 scrolls of blinking
 k - 3 scrolls of remove curse
Potions
 d - 5 potions of curing
 e - 2 potions of heal wounds
 f - a potion of haste
 g - 4 potions of magic
 h - a potion of berserk rage
 j - a potion of invisibility


   Skills:
 + Level 10.6 Fighting
 + Level 10.4 Axes
 + Level 5.3 Armour
 + Level 6.5 Dodging
 + Level 3.1 Stealth


You had 7 spell levels left.
You didn't know any spells.

Dungeon Overview and Level Annotations

Branches:
Dungeon (1/1)

Altars:
Cheibriados
Dithmenos
Elyvilon
Fedhas
Gozag
Hepliaklqana
Kikubaaqudgha
Makhleb
Nemelex Xobeh
Okawaru
Qazlal
Ru
Sif Muna
Trog
Uskayaw
Vehumet
Wu Jian
Xom
Yredelemnul
Zin
The Shining One
Beogh
Jiyva
Lugonu


Innate Abilities, Weirdness & Mutations

You are resistant to torment.
Your stone body is resilient. (AC +5)
You are immune to poison.
You resist negative energy. (rN+)
You are resistant to electric shocks. (rElec)
You can survive without breathing.
You are immune to petrification.
You are immune to rotting.


Message History

Your chain mail prevents you from hitting the orc.
The orc closely misses you.
Unknown command.
You barely miss the orc. The orc barely misses you.
Unknown command.
You slash the orc!
You kill the orc!
Trog accepts your kill. The hound bites you but does no damage.
You slash the hound!
The hound is almost dead.
The hound bites you.
* * * LOW HITPOINT WARNING * * *
The hound bites you but does no damage. x2
Unknown command.
Unknown command.
Your chain mail prevents you from hitting the hound.
The hound is almost dead.
The hound bites you but does no damage. The hound bites you.
You die...

▓(▓
▓(▓
▓)▓
▓.▓
▓.▓
▓.▓
▓.▓
▓.▓
▓@▓
▓h▓
▓y▓
▓.▓
▓.▓
▓.▓
▓.▓
▓+▓


You could see a hornet and a hound.

Vanquished Creatures
  A deep elf mage (D)
  A wraith (D)
  An ogre (D)
  A big kobold (D)
  A wight (D)
  An orc wizard (D)
  2 worker ants (D)
  An adder (D)
  A dart slug (D)
  2 orcs (D)
  3 bats (D)
  A hobgoblin (D)
  A frilled lizard (D)
17 creatures vanquished.

Vanquished Creatures (collateral kills)
  An orc warrior (D)
  A quokka (D)
2 creatures vanquished.

Vanquished Creatures (others)
  A crimson imp (D)
1 creature vanquished.

Grand Total: 20 creatures vanquished

Notes
Turn   | Place    | Note
-------+----------+-------------------------------------------
     0 | D        | Fang the Gargoyle Berserker began the quest for the Orb.
     0 | D        | Reached XP level 1. HP: 14/14 MP: 1/1
    13 | D        | Reached ** piety under Trog
   131 | D        | Noticed a worker ant
   131 | D        | Noticed a worker ant
   137 | D        | Reached XP level 2. HP: 20/20 MP: 2/2
   139 | D        | Reached *** piety under Trog
   142 | D        | Reached skill level 5 in Fighting
   142 | D        | Reached XP level 3. HP: 26/26 MP: 3/3
   145 | D        | Reached skill level 5 in Axes
   145 | D        | Reached XP level 4. HP: 29/32 MP: 4/4
   326 | D        | Found a roughly hewn altar of Beogh.
   326 | D        | Found a snail-covered altar of Cheibriados.
   326 | D        | Found a shadowy altar of Dithmenos.
   326 | D        | Found a white marble altar of Elyvilon.
   326 | D        | Found a blossoming altar of Fedhas.
   326 | D        | Found an opulent altar of Gozag.
   327 | D        | Found a hazy altar of Hepliaklqana.
   328 | D        | Found a viscous altar of Jiyva.
   329 | D        | Found an ancient bone altar of Kikubaaqudgha.
   330 | D        | Found a corrupted altar of Lugonu.
   331 | D        | Found a burning altar of Makhleb.
   332 | D        | Found a sparkling altar of Nemelex Xobeh.
   333 | D        | Found an iron altar of Okawaru.
   334 | D        | Found a stormy altar of Qazlal.
   335 | D        | Found a sacrificial altar of Ru.
   336 | D        | Found a deep blue altar of Sif Muna.
   337 | D        | Found a bloodstained altar of Trog.
   338 | D        | Found a hide-covered altar of Uskayaw.
   339 | D        | Found a radiant altar of Vehumet.
   340 | D        | Found an ornate altar of the Wu Jian Council.
   341 | D        | Found a shimmering altar of Xom.
   342 | D        | Found a basalt altar of Yredelemnul.
   343 | D        | Found a glowing silver altar of Zin.
   344 | D        | Found a glowing golden altar of the Shining One.
   372 | D        | Noticed a big kobold
   372 | D        | Noticed an orc warrior
   387 | D        | Killed a big kobold
   387 | D        | Reached **** piety under Trog
   387 | D        | Reached XP level 5. HP: 38/38 MP: 5/5
   394 | D        | Reached skill level 1 in Stealth
   397 | D        | Killed an orc warrior
   397 | D        | Reached XP level 6. HP: 5/44 MP: 6/6
   652 | D        | Noticed a deep elf mage
   652 | D        | Noticed a wraith
   652 | D        | Noticed a hornet
   655 | D        | Noticed a fire elemental
   658 | D        | Killed a deep elf mage
   658 | D        | Reached skill level 10 in Fighting
   658 | D        | Reached XP level 7. HP: 24/52 MP: 7/7
   661 | D        | HP: 2/78 [wraith (9)]
   662 | D        | Killed a wraith
   662 | D        | Reached skill level 10 in Axes
   662 | D        | Reached skill level 5 in Armour
   664 | D        | Reached ***** piety under Trog
   664 | D        | Reached XP level 8. HP: 3/59 MP: 8/8
   668 | D        | HP: 1/59 [hound (2)]
   669 | D        | Slain by a hound

Skill      XL: |  1  2  3  4  5  6  7 |
---------------+----------------------+-----
Axes           | 3 4 5 6 7 9 10 | 10.4
Fighting       | 4 5 7 8 10 | 10.6
Dodging        | 2 3 4 6 |  6.5
Armour         | 3 4 5 |  5.3
Stealth        | 1 2 3 |  3.1

Action                   |  1- 3 |  4- 6 |  7- 9 || total
-------------------------+-------+-------+-------++-------
Melee: Hand axe          |    33 |     4 |       ||    37
       War axe           |       |    20 |    10 ||    30
Invok: Berserk           |     1 |     2 |       ||     3
       Brothers in Arms  |       |     1 |       ||     1
  Use: Potion            |       |     1 |       ||     1
  Eat: Ration            |       |     1 |       ||     1
Armor: Animal skin       |    11 |    10 |       ||    21
       Chain mail        |       |     2 |     5 ||     7
Dodge: Dodged            |    26 |    17 |     2 ||    45
